 Dungeon Crawl Stone Soup version 0.19-a0-721-gd1b5c2a (webtiles) character file.

10 TheGoonsmith the Conjurer (level 2, -4/17 HPs)
             Began as an Octopode Conjurer on June 21, 2016.
             Slain by a kobold
             ... wielding a +0 short sword
              (6 damage)
             ... on level 1 of the Dungeon.
             The game lasted 00:00:49 (252 turns).

TheGoonsmith the Conjurer (Octopode Conjurer)        Turns: 252, Time: 00:00:49

Health: -4/17      AC:  1    Str:  7    XL:     2   Next: 20%
Magic:  2/5        EV: 12    Int: 17    God:
Gold:   36         SH:  0    Dex: 12    Spells: 1 memorised, 4 levels left

rFire  . . .     SeeInvis .     e - +0 dagger
rCold  . . .     Gourm    .     (no shield)
rNeg   . . .     Faith    .     (helmet restricted)
rPois  .         Spirit   .     (no amulet)
rElec  .         Dismiss  .     f - ring of stealth
rCorr  .         Reflect  .     (no ring)
SustAt .         Harm     .     (no ring)
MR     .....                    (no ring)
Stlth  ++++......               (no ring)
                                (no ring)
                                (no ring)
                                (no ring)

@: not resistant to hostile enchantments, stealthy
A: almost no armour, amphibious, 8 rings, constrict 8, camouflage 1, gelatinous
body 1
a: no special abilities


You were on level 1 of the Dungeon.
You were not hungry.

You visited 1 branch of the dungeon, and saw 1 of its levels.

You collected 36 gold pieces.

Inventory:

Hand Weapons
 e - a +0 dagger (weapon)
Jewellery
 d - an uncursed amulet of harm {unknown}
 f - a ring of stealth (left tentacle)
Scrolls
 c - 3 scrolls of identify {unknown}
Potions
 g - 2 potions of haste {unknown}
Books
 a - a book of Conjurations

   Spells                             Type                      Level
   a - Magic Dart                     Conjuration                  1
   b - Searing Ray                    Conjuration                  2
   c - Dazzling Spray                 Conjuration/Hexes            3
   d - Fulminant Prism                Conjuration/Hexes            4
   e - Iskenderun's Mystic Blast      Conjuration                  4
   f - Iskenderun's Battlesphere      Conjuration/Charms           5
Comestibles
 b - 2 bread rations


   Skills:
 - Level 2.0 Dodging
 - Level 2.6 Stealth
 + Level 2.2 Spellcasting
 * Level 4.3 Conjurations


You had 4 spell levels left.
You knew the following spells:

 Your Spells              Type           Power        Failure   Level  Hunger
a - Magic Dart            Conj           ###.         3%          1    #......


Dungeon Overview and Level Annotations

Branches:
Dungeon (1/15)

Altars:


Innate Abilities, Weirdness & Mutations

You cannot wear most types of armour.
You are amphibious.
You can wear up to eight rings at the same time.
You can use your tentacles to constrict eight enemies at once.
Your skin changes colour to match your surroundings (Stealth+).
Your rubbery body absorbs attacks. (AC +1)


Message History

You constrict the bat. The bat completely misses you.
The bat closely misses you. The bat hits you but does no damage.
The bat closely misses you. x2
The kobold shouts!
You hit the bat.
You kill the bat!
You constrict the bat. The bat misses you. The bat closely misses you.
The kobold throws a stone.
The stone closely misses you.
You hit the bat.
You kill the bat!
The kobold throws a stone.
The stone hits you.
You hit the hobgoblin but do no damage. Your grab misses the hobgoblin.
Your squeeze misses the hobgoblin. The hobgoblin hits you.
You barely miss the hobgoblin. Your grab misses the hobgoblin.
The hobgoblin hits you. The kobold hits you with a short sword.
* * * LOW HITPOINT WARNING * * *
The kobold closely misses you.
Found a stone staircase leading down.
The kobold hits you with a short sword.
You die...

♣<♣##.# ##.#.## ....
8.8##.####..#..##.....#
#'##............#.....##
...#.....)....#.#......#
...#..........#.#......#
.............)#†#...>..>
..##..........#(#.....#.
.###..........#gK.......
.####.....######@..$....
..###.....# #.........
#.........# #.........
####......# #.........
##.....# #.........
#.>...# #.........
#.....# ##........
#.....# .........
#.....#


You could see a hobgoblin and a kobold.

Vanquished Creatures
  3 bats (D:1)
  2 giant newts (D:1)
  2 goblins (D:1)
  3 kobolds (D:1)
  A rat (D:1)
11 creatures vanquished.

Notes
Turn   | Place    | Note
--------------------------------------------------------------
     0 | D:1      | TheGoonsmith the Octopode Conjurer began the quest for the Orb.
     0 | D:1      | Reached XP level 1. HP: 11/11 MP: 3/3
   194 | D:1      | Reached XP level 2. HP: 17/17 MP: 3/5
   252 | D:1      | Slain by a kobold

Vault maps used:
D:1:      saegor_arrival_simple_b

Action                   || total
-------------------------++-------
Melee: Unarmed           ||     3
       Constrict         ||     2
       Dagger            ||     5
 Cast: Magic Dart        ||    13
Armor: Skin              ||     2
Dodge: Dodged            ||    18
